 Dungeon Sprint DCSS version 0.31-a0-960-g0fca184906 (webtiles) character file.

Game seed: 14669210299049452227

4326 fingers the Blocker (level 10, -1/106 HPs)
             Began as a Troll Fighter on Oct 23, 2023.
             Was a Priest of Jiyva.
             Slain by a death scarab (3 damage)
             ... summoned by a royal mummy
             ... in the Dungeon (Sprint V: "Ziggurat Sprint").
             The game lasted 00:03:33 (295 turns).

fingers the Blocker (Troll Fighter)                  Turns: 295, Time: 00:03:33

Health: -1/106     AC: 22    Str: 42    XL:     10   Next: 11%
Magic:  0/8        EV:  1    Int:  4    God:    Jiyva [***...]
Gold:   0          SH: 38    Dex:  9    Spells: 9/9 levels left

rFire   . . .        H - +6 shillelagh "Devastator" {shatter}
rCold   + . .        D - +18 shield of the Gong {Loud rN+ Will+ rCorr EV-5}
rNeg    + . .        k - +5 gold dragon scales
rPois   +            (helmet restricted)
rElec   .            (no cloak)
rCorr   +            (gloves unavailable)
SInv    .            (boots unavailable)
Will    +....        N - brooch of Shielding {Spirit SH+8} Stlth
                     B - +6 ring of strength
HPRegen 2.29/turn    C - +6 ring of strength
MPRegen 0.46/turn

%: no teleportation, guardian spirit
@: slowed, studying Short Blades, very slow
A: large, unfitting armour, claws 3, regeneration 1, shaggy fur 1, tough skin 1,
low MP 1, heat vulnerability 1, inability to read after injury 1
a: Renounce Religion, Oozemancy


You were in the Dungeon.
You worshipped Jiyva.
Jiyva was most pleased with you.
You visited 1 branch

Inventory:

Hand Weapons
 a - a +0 flail
 E - the +10 dark maul {heavy}
   (You found it in the Dungeon)
 F - the +7 great mace "Firestarter" {flame, immolate, rFlCloud rF++}
   (You found it in the Dungeon)

   rFlCloud:  It grants immunity to clouds of flame.
   rF++:      It greatly protects you from fire.
 G - the +7 mace of Variability {chaos, chaos arc}
   (You found it in the Dungeon)
 H - the +6 shillelagh "Devastator" (weapon) {shatter}
   (You found it in the Dungeon)
 I - the +5 glaive of the Guard {elec, spectral}
   (You found it in the Dungeon)
Armour
 b - a +0 robe
 c - a +0 kite shield
 k - +5 gold dragon scales (worn)
 D - the +18 shield of the Gong (worn) {Loud rN+ Will+ rCorr EV-5}
   (You found it in the Dungeon)

   Loud:      It is deafeningly noisy when blocking attacks.
   EV-5:      It affects your evasion (-5).
   rN+:       It protects you from negative energy.
   Will+:     It increases your willpower.
   rCorr:     It protects you from acid and corrosion.
Jewellery
 s - a +5 ring of evasion
 w - a ring of flight
 x - a +6 ring of dexterity
 y - a +6 ring of dexterity
 z - a +6 ring of intelligence
 A - a +6 ring of intelligence
 B - a +6 ring of strength (left claw)
 C - a +6 ring of strength (right claw)
 K - a ring of wizardry
 L - a +4 ring of slaying
 M - a ring of magical power
 N - the brooch of Shielding (around neck) {Spirit SH+8}
   (You found it in the Dungeon)

   [amulet of guardian spirit]

   Spirit:    It causes incoming damage to be divided between your reserves of
   health and magic.
   SH+8:      It affects your SH (+8).
 O - a ring of ice
 Q - a ring of magical power
 R - a ring of magical power
Wands
 t - a wand of mindburst (13)
 u - a wand of iceblast (7)
 v - a wand of acid (7) (quivered)
 P - a wand of polymorph (7)
 S - a wand of flame (6)
Scrolls
 j - 4 scrolls of blinking
 l - 4 scrolls of amnesia
 m - 7 scrolls of fog
 n - 5 scrolls of identify
 o - 2 scrolls of fear
 J - 3 scrolls of brand weapon
Potions
 d - 6 potions of might
 e - 10 potions of curing
 f - 4 potions of heal wounds
 g - 6 potions of haste
 h - 7 potions of magic
 i - 3 potions of berserk rage
 p - 2 potions of brilliance
 q - 2 potions of invisibility
 r - 3 potions of resistance


   Skills:
 + Level 8.9 Fighting
 + Level 10.9 Maces & Flails
 + Level 6.0 Armour
 + Level 7.4 Dodging
 + Level 14.0 Shields


You had 9 spell levels left.
You didn't know any spells.
Your spell library contained the following spells:

 Spells                   Type           Power      Damage    Failure   Level
 Shock                    Conj/Air       0%         1d3       100%        1
 Passwall                 Tmut/Erth      0%         N/A       100%        2
 Scorch                   Fire           0%         2d5       100%        2
 Dazzling Flash           Conj/Hex       0%         N/A       100%        3
 Swiftness                Air            0%         N/A       100%        3
 Teleport Other           Tloc           0%         N/A       100%        3
 Airstrike                Air            0%         2d(0-16)  100%        4
 Sticky Flame             Conj/Fire      0%         2d3       100%        4
 Bombard                  Conj/Erth      0%         9d1       100%        6
 Death Channel            Necr           0%         N/A       100%        6
 Simulacrum               Ice/Necr       0%         N/A       100%        6
 Fire Storm               Conj/Fire      0%         5d1       100%        9


Dungeon Overview and Level Annotations

Branches:
Dungeon (1/1)

Altars:
Ashenzari
Cheibriados
Dithmenos
Elyvilon
Fedhas
Gozag
Hepliaklqana
Kikubaaqudgha
Makhleb
Nemelex Xobeh
Okawaru
Qazlal
Ru
Sif Muna
Trog
Uskayaw
Vehumet
Wu Jian
Xom
Yredelemnul
Zin
The Shining One
Jiyva
Lugonu

Annotations:
D 1 transporter


Innate Abilities, Weirdness & Mutations

You are too large for most types of armour.
You have claws for hands.
Your natural rate of healing is unusually fast.
You are covered in fur. (AC +1)
You have tough skin. (AC +1)
Your magical capacity is low. (-10% MP)
You are vulnerable to heat. (rF-)
You occasionally lose the ability to read scrolls when taking damage.


Message History

BOUMMMMG!
The death scarab bites you but does no damage.
The death scarab bites you!! The death scarab drains your vigour!
You feel as though you will be slow longer.
The death scarab draws strength from your injuries!
You block the death scarab's attack.
GONNNNG!
The death scarab bites you!!
* * * LOW HITPOINT WARNING * * *
The death scarab draws strength from your injuries!
The death scarab bites you!
* * * LOW HITPOINT WARNING * * *
The death scarab drains your vigour!
You feel as though you will be slow longer.
The death scarab draws strength from your injuries!
The death scarab waves its antennae.
The royal mummy calls on the powers of darkness!
You feel a surge of unholy energy.
You block the adder simulacrum's attack.
GONNNNG!
You feel much better.
Your resistance to elements expires.
You block the death scarab's attack.
GONNNNG!
You block the death scarab's attack.
GONNNNG!
You block the death scarab's attack.
PTOANNNG!
The death scarab bites you!!
* * * LOW HITPOINT WARNING * * *
The death scarab drains your vigour!
You feel as though you will be slow longer.
The death scarab draws strength from your injuries!
The death scarab bites you!!
* * * LOW HITPOINT WARNING * * *
The death scarab drains your vigour!
You feel as though you will be slow longer.
The death scarab draws strength from your injuries!
The death scarab bites you.
You die...

▓....©....▓...©...▓
▓▓▓▓▓▓▓▓▓▓▓▓▓▓▓▓▓▓▓
▓...8©8...▓..8©8..▓
▓..:[[["..▓..|....▓
▓...=)|...▓..)))..▓
▓.....M...▓.......▓
▓....M.M..▓.......▓
▓...ZBB...▓..†....▓
▓..MB@BM..▓..†.†..▓
▓.▓.BBB.▓.▓.▓...▓.▓
▓....B....▓...©...▓
▓▓▓▓▓▓▓▓▓▓▓▓▓▓▓▓▓▓▓


You could see a royal mummy, a guardian mummy, 8 death scarabs, 3 mummies and an
adder simulacrum.

Vanquished Creatures
  A mummy priest (D)
  A fire crab (shapeshifter) (D)
  3 ugly things (D)
  A meliai (shapeshifter) (D)
  A hornet (shapeshifter) (D)
  2 tarantellas (D)
  A raiju (shapeshifter) (D)
  A jumping spider (D)
  A neqoxec (D)
  An acid dragon (shapeshifter) (D)
  A black bear (shapeshifter) (D)
  An ice beast (D)
  2 necrophages (D)
  3 scorpions (D)
  A quasit (D)
  An iron imp (D)
  3 mummies (D)
  2 ufetubi (D)
  An adder zombie (D)
  A bat skeleton (D)
  A bat zombie (D)
  2 ball python skeletons (D)
  A ball python zombie (D)
  A giant cockroach zombie (D)
  A quokka zombie (D)
35 creatures vanquished.

Vanquished Creatures (others)
  2 azure jellies (D)
  2 adder simulacra (D)
  A bat simulacrum (D)
5 creatures vanquished.

Grand Total: 40 creatures vanquished

Notes
Turn   | Place    | Note
-------+----------+-------------------------------------------
     0 | D        | fingers the Troll Fighter began the quest for the Orb.
     0 | D        | Reached XP level 1. HP: 22/22 MP: 0/0
    16 | D        | Found a blossoming altar of Fedhas.
    16 | D        | Found the +6 Majin-Bo {spellvamp, MP+6 Int+6}
    16 | D        | Found the +27 heavy crossbow "Sniper" {heavy, Acc+∞ SInv}
    16 | D        | Found the +10 dark maul {heavy}
    16 | D        | Found the +15 Maxwell's patent armour {-Cast -Tele rElec
                  | Will+ rCorr}
    16 | D        | Found the +18 shield of the Gong {Loud rN+ Will+ rCorr
                  | EV-5}
    16 | D        | Found the +16 obsidian axe {drain, demonic, Mesm Drain Fly
                  | SInv}
    16 | D        | Found the +7 great mace "Firestarter" {flame, immolate,
                  | rFlCloud rF++}
    16 | D        | Found the +6 shillelagh "Devastator" {shatter}
    16 | D        | Found the +11 plutonium sword {Contam Stlth-}
    16 | D        | Found the +8 lance "Wyrmbane" {slay drac, rPois rF+ rC+
                  | AC+3}
    16 | D        | Found the +9 sword of Zonguldrok {reap}
    16 | D        | Found the +13 scythe of Curses {drain, curses, Drain}
    16 | D        | Found the +9 sword of Power {lifebolt}
    16 | D        | Found the +7 mace of Variability {chaos, chaos arc}
    16 | D        | Found the +11 Singing Sword {sonic wave}
    16 | D        | Found the +8 storm bow {elec, penet}
    18 | D        | Found a transporter.
    18 | D        | Found a viscous altar of Jiyva.
    18 | D        | Found an ancient bone altar of Kikubaaqudgha.
    18 | D        | Found a hazy altar of Hepliaklqana.
    18 | D        | Found a corrupted altar of Lugonu.
    18 | D        | Found an opulent altar of Gozag.
    18 | D        | Found a burning altar of Makhleb.
    19 | D        | Found a sacrificial altar of Ru.
    19 | D        | Found a shimmering blue altar of Sif Muna.
    19 | D        | Found a stormy altar of Qazlal.
    19 | D        | Found a bloodstained altar of Trog.
    19 | D        | Found an iron altar of Okawaru.
    19 | D        | Found a sparkling altar of Nemelex Xobeh.
    60 | D        | Reached skill level 4 in Shields
    60 | D        | Reached XP level 2. HP: 32/32 MP: 1/1
    68 | D        | Became a worshipper of Jiyva Jaec the Shapeless
    70 | D        | Killed an azure jelly
    71 | D        | Killed an azure jelly
    73 | D        | Entered arena 2.
    73 | D        | Found a transporter.
    83 | D        | Entered arena 3.
    83 | D        | Noticed a cyan ugly thing
    83 | D        | Noticed a red ugly thing
    83 | D        | Noticed an acid dragon
    83 | D        | Found a transporter.
    98 | D        | Killed an acid dragon
    99 | D        | Reached skill level 6 in Shields
    99 | D        | Reached XP level 3. HP: 41/41 MP: 2/2
    99 | D        | Reached XP level 4. HP: 49/49 MP: 3/3
   102 | D        | Killed a white ugly thing
   102 | D        | Killed a white ugly thing
   103 | D        | Reached skill level 9 in Shields
   103 | D        | Reached XP level 5. HP: 62/62 MP: 4/4
   103 | D        | Reached XP level 6. HP: 71/71 MP: 5/5
   103 | D        | Reached XP level 7. HP: 78/78 MP: 6/6
   114 | D        | Entered arena 4.
   114 | D        | Found the +5 glaive of the Guard {elec, spectral}
   114 | D        | Noticed a slime creature
   114 | D        | Found a transporter.
   119 | D        | Got the Papyrus of Flaming Fulmination
   125 | D        | Entered arena 5.
   125 | D        | Noticed a mummy priest
   125 | D        | Reached * piety under Jiyva
   125 | D        | Found a transporter.
   136 | D        | Noticed an ice devil
   136 | D        | Noticed a neqoxec
   138 | D        | Gained mutation: You occasionally lose the ability to read
                  | scrolls when taking damage. [a neqoxec]
   140 | D        | Killed a mummy priest
   141 | D        | Reached skill level 10 in Shields
   141 | D        | Reached XP level 8. HP: 40/88 MP: 7/7
   173 | D        | Entered arena 6.
   173 | D        | Found a transporter.
   179 | D        | Reached skill level 11 in Shields
   192 | D        | Got the Thoughts on Shifting Spectres
   196 | D        | Entered arena 7.
   196 | D        | Reached ** piety under Jiyva
   197 | D        | Found a transporter.
   221 | D        | Entered arena 8.
   221 | D        | Found the brooch of Shielding {Spirit SH+8}
   221 | D        | Noticed a tarantella
   221 | D        | Noticed a jumping spider
   221 | D        | Noticed a tarantella
   222 | D        | Found a transporter.
   225 | D        | Killed a tarantella
   226 | D        | Reached XP level 9. HP: 96/96 MP: 8/8
   227 | D        | Reached skill level 5 in Armour
   227 | D        | Reached skill level 12 in Shields
   246 | D        | Entered arena 9.
   246 | D        | Noticed a cane toad
   246 | D        | Noticed a cyan ugly thing
   246 | D        | Noticed a meliai
   247 | D        | Found a transporter.
   248 | D        | a cane toad changed into a raiju
   249 | D        | Killed a meliai
   250 | D        | a black bear changed into a troll
   250 | D        | Noticed a troll (shapeshifter)
   252 | D        | a troll changed into a fire crab
   252 | D        | Noticed a fire crab (shapeshifter)
   254 | D        | Killed a cyan ugly thing
   255 | D        | Reached skill level 10 in Maces & Flails
   255 | D        | Reached skill level 13 in Shields
   257 | D        | Gained mutation: You are vulnerable to heat. (rF-) [a
                  | neqoxec]
   260 | D        | Gained mutation: Your magical capacity is low. (-10% MP) [a
                  | neqoxec]
   262 | D        | Killed a fire crab
   263 | D        | Reached XP level 10. HP: 102/106 MP: 8/8
   266 | D        | Reached skill level 14 in Shields
   275 | D        | Got the Guidebook on Burning Flesh
   287 | D        | Entered arena 10.
   287 | D        | Noticed a royal mummy
   287 | D        | Reached *** piety under Jiyva
   288 | D        | Found a transporter.
   289 | D        | Noticed a death scarab
   289 | D        | Noticed a death scarab
   289 | D        | Noticed a death scarab
   289 | D        | Noticed a death scarab
   291 | D        | Noticed a death scarab
   291 | D        | Noticed a death scarab
   291 | D        | Noticed a death scarab
   291 | D        | Noticed a death scarab
   293 | D        | Noticed a death scarab
   293 | D        | Noticed a death scarab
   293 | D        | Noticed a death scarab
   294 | D        | HP: 4/106 [death scarab[a royal mummy] (11)]
   295 | D        | Slain by a death scarab

Illustrated notes

Levels and vault maps discovered:
D:        sprint_v [room_start, room_1, room_2, room_3, room_4, room_5, room_6,
          room_7, room_8, room_9, room_10, room_11, room_12, room_13, room_14,
          room_15, room_16, room_17, room_18, room_19, room_20, room_21,
          room_22, room_23, room_24, room_25, room_26, room_27]

Skill      XL: |  1  2  3  4  5  6  7  8  9 10 |
---------------+-------------------------------+-----
Fighting       | 3 4 7 8 |  8.9
Maces & Flails | 3 4 7 8 10 | 10.9
Armour         | 2 3 4 6 |  6.0
Shields        | 4 6 9 10 11 13 14 | 14.0
Dodging        | 3 6 7 |  7.4

Action                     |  1- 3 |  4- 6 |  7- 9 | 10-12 || total
---------------------------+-------+-------+-------+-------++-------
  Melee: Shillelagh        |     9 |     4 |    38 |     7 ||    58
    Use: Potion            |     6 |       |     1 |     1 ||     8
 Armour: Gold dragon scale |    20 |       |    24 |    15 ||    59
  Dodge: Dodged            |     2 |       |     3 |     1 ||     6
  Block: Kite shield       |    24 |     5 |    81 |    24 ||   134

Table legend: (Time is in decaauts)
 A = Elapsed time spent in this place.
 B = Non-inter-level travel time spent in this place.
 C = Inter-level travel time spent in this place.
 D = Time resting spent in this place.
 E = Time spent auto-exploring this place.
 F = Levels seen in this place.
 G = Mean time per level.
                   A        B        C        D        E       F      G
               +--------+--------+--------+--------+--------+-----+--------+
         Total |    292 |    288 |      4 |      0 |     32 |   1 |  292.0 |
       Dungeon |    292 |    288 |      4 |      0 |     32 |   1 |  292.0 |
               +--------+--------+--------+--------+--------+-----+--------+

Top non-repeatable levels by time:
       D: 292 daAuts
